Jets vs Bruins
Created - January 28, 2018 at 22:28
Goals
|
Jets |
0 |
1 |
2 |
3 |
Bruins |
3 |
1 |
1 |
5 |
|
Shots
|
Jets |
9 |
11 |
5 |
25 |
Bruins |
14 |
20 |
7 |
41 |
|
1st period
1. Bruins , Mike Fisher 7 (Andrew Alberts 16, Cam Fowler 10) at 5:50
2. Bruins , Wojtek Wolski 25 (Jason Demers 16, Henrik Sedin 30) at 18:49
3. Bruins , Henrik Sedin 22 (Wojtek Wolski 32, Nathan Horton 13) at 19:08 (PP)
Penalties :
Victor Oreskovich (Bos) for Interference (Minor) at 11:18, Alexander Frolov (Win) for Tripping (Minor) at 11:47, Derek Stepan (Win) for Hooking (Minor) at 18:52
2nd period
4. Jets , Lee Stempniak 8 (Tyler Myers 15, Marco Scandella 23) at 4:31
5. Bruins , Alex Tanguay 9 (Nathan Horton 14, Marc Savard 26) at 9:07
Penalties :
Rene Bourque (Bos) for Slashing (Minor) at 1:50, Dustin Brown (Win) for Holding (Minor) at 16:32
3rd period
6. Jets , Derek Roy 20 (Benoit Pouliot 27) at 0:32
7. Jets , Derek Roy 21 (Tyler Myers 16, Marco Scandella 24) at 5:22 (PP)
8. Bruins , Dave Bolland 12 (Jason Demers 17, Shane O'Brien 13) at 11:46
Penalties :
Mike Fisher (Bos) for Tripping (Minor) at 3:27, Nathan Horton (Bos) for High sticking (Minor) at 5:32, Marc Savard (Bos) for Hooking (Minor) at 9:18, Tyler Myers (Win) for Roughing (Minor) at 15:21
Goalie Stats
Kari Lehtonen (Win), 36 saves from 41 shots - (0.878), L, 12-9-2, 60:00 minutes
Kevin Poulin (Bos), 22 saves from 25 shots - (0.880), W, 15-11-4, 60:00 minutes
Players Stats for Jets
Player Name G A P +/- PIM S H SB GA TA FO MP PP MP PK MP
------------------------------------------------------------------------------------
Alexander Frolov 0 0 0 -1 2 1 0 2 0 0 0/0 19:16 3:02 3:21
Anton Volchenkov 0 0 0 -1 0 0 2 0 0 0 0/0 14:09 0:00 3:09
Benoit Pouliot 0 1 1 0 0 4 2 0 2 0 1/2 21:47 4:40 0:35
Derek Roy 2 0 2 0 0 3 2 0 3 0 11/24 21:47 4:54 0:19
Derek Stepan 0 0 0 -1 2 0 2 0 1 0 14/28 16:54 3:03 0:00
Devin Setoguchi 0 0 0 -1 0 1 0 0 1 0 1/1 16:10 3:03 0:00
Dustin Brown 0 0 0 0 2 4 1 0 1 1 0/0 22:00 4:40 0:10
Eric Gelinas 0 0 0 0 0 1 1 1 0 0 0/0 19:57 3:35 0:58
Erik Haula 0 0 0 -1 0 1 0 0 0 1 1/4 10:39 0:38 3:38
Joe Colborne 0 0 0 -1 0 1 0 2 0 0 0/0 5:28 0:00 0:10
Kevin Hayes 0 0 0 -1 0 0 0 0 0 0 0/0 5:18 0:00 0:00
Lee Stempniak 1 0 1 0 0 2 3 0 0 0 0/0 11:24 0:38 0:00
Marco Scandella 0 2 2 -1 0 1 1 3 0 1 0/0 26:39 4:46 1:34
Marcus Johansson 0 0 0 0 0 2 2 0 0 1 0/0 11:26 0:00 0:49
Mikko Koivu 0 0 0 0 0 1 1 0 0 0 2/5 11:59 0:24 0:36
Shea Weber 0 0 0 0 0 0 1 1 0 1 0/0 22:35 3:35 2:57
Tomas Kundratek 0 0 0 -1 0 1 0 0 0 0 0/0 11:39 0:00 0:12
Tyler Myers 0 2 2 -1 2 2 0 1 0 2 0/0 24:36 4:46 0:24
Players Stats for Bruins
Player Name G A P +/- PIM S H SB GA TA FO MP PP MP PK MP
------------------------------------------------------------------------------------
Alex Tanguay 1 0 1 1 0 3 2 1 0 1 0/0 15:08 0:33 1:28
Andrew Alberts 0 1 1 1 0 4 0 0 1 0 0/0 23:32 3:55 3:24
Cam Fowler 0 1 1 1 0 1 0 0 0 0 0/0 15:00 0:42 0:00
Dave Bolland 1 0 1 0 0 5 2 0 0 0 2/4 13:23 0:53 3:06
Dylan DeMelo 0 0 0 -1 0 0 0 1 0 0 0/0 12:36 0:00 0:00
Henrik Sedin 1 1 2 1 0 5 2 0 0 0 22/38 24:58 2:37 4:40
Jason Demers 0 2 2 2 0 1 2 1 1 1 0/0 28:31 4:01 4:57
Kris Chucko 0 0 0 1 0 0 0 0 0 0 0/0 7:17 0:00 0:00
Marc Savard 0 1 1 1 2 4 3 0 1 0 5/14 15:43 1:19 0:57
Mike Fisher 1 0 1 1 2 2 2 0 0 0 1/1 6:53 0:14 0:00
Nate Prosser 0 0 0 -1 0 1 1 1 0 2 0/0 16:29 0:00 3:24
Nathan Horton 0 2 2 0 2 4 2 0 0 1 2/2 17:36 3:29 1:50
Nikolai Zherdev 0 0 0 1 0 1 0 0 0 0 0/1 8:02 0:21 0:00
Rene Bourque 0 0 0 -1 2 1 1 0 0 0 0/1 8:23 0:00 0:00
Shane O'Brien 0 1 1 2 0 0 1 2 0 0 0/0 23:52 0:48 4:57
Victor Oreskovich 0 0 0 1 2 2 2 0 0 1 1/2 17:07 0:33 0:00
Viktor Stalberg 0 0 0 -1 0 1 2 0 3 0 0/0 10:31 1:19 0:00
Wojtek Wolski 1 1 2 1 0 6 0 0 1 2 1/1 25:03 2:51 4:41
3 Stars
1 - Henrik Sedin (Bos)
2 - Derek Roy (Win)
3 - Jason Demers (Bos)
Power Play
Jets - 1 on 5 Attempt(s) - 20.00%
Bruins - 1 on 4 Attempt(s) - 25.00%
Penalty Kill
Jets - 3 on 4 Attempt(s) - 75.00%
- Score 0 goal in Penalty Kill
Bruins - 4 on 5 Attempt(s) - 80.00%
- Score 0 goal in Penalty Kill
Team Stat
Jets - Hits : 18 - Faceoff Wins : 30 - Blocked Shots : 10 - Penalty Minutes : 8
Bruins - Hits : 22 - Faceoff Wins : 34 - Blocked Shots : 6 - Penalty Minutes : 10
Official
Referees : Leggo Mike and Walkom Stephen
Linesman : Mike Cvik and Steve Miller
Game Notes
No Game Note
Finance
Level 1 -- Attendance: 4226 (70.43%) -- Ticket Income $439,504
Level 2 -- Attendance: 3230 (64.60%) -- Ticket Income $206,720
Level 3 -- Attendance: 1858 (92.90%) -- Ticket Income $63,172
Level 4 -- Attendance: 3846 (96.15%) -- Ticket Income $92,304
Luxury Box -- Attendance: 669 (66.90%) -- Ticket Income $129,786
Game was played at the TD Banknorth Garden.
Total Attendance: 13829 (76.83%)
Total Ticket Income: $931,486
Other Income: $139,723
Total Income: $1,071,209
Jets
5 vs 5 Forward
Center Left Wing Right Wing Time % Phy DF OF
1 Derek Roy Benoit Pouliot Dustin Brown 35 1 2 2
2 Derek Stepan Alexander Frolov Devin Setoguchi 30 1 2 2
3 Mikko Koivu Marcus Johansson Lee Stempniak 23 1 2 2
4 Joe Colborne Erik Haula Kevin Hayes 12 1 2 2
5 vs 5 Defense
Defense Defense Time % Phy DF OF
1 Tyler Myers Marco Scandella 40 1 3 1
2 Shea Weber Eric Gelinas 30 1 2 2
3 Anton Volchenkov Tomas Kundratek 25 1 2 2
4 Shea Weber Marco Scandella 5 1 2 2
PowerPlay Forward
Center Left Wing Right Wing Time % Phy DF OF
1 Derek Roy Benoit Pouliot Dustin Brown 60 1 0 4
2 Derek Stepan Alexander Frolov Devin Setoguchi 40 1 0 4
PowerPlay Defense
Defense Defense Time % Phy DF OF
1 Marco Scandella Tyler Myers 60 1 1 3
2 Eric Gelinas Shea Weber 40 0 1 4
Penalty Kill 4 Players Forward
Center Wing Time % Phy DF OF
1 Erik Haula Alexander Frolov 60 1 2 2
2 Joe Colborne Dustin Brown 40 1 2 2
Penalty Kill 4 Players Defense
Defense Defense Time % Phy DF OF
1 Tyler Myers Marco Scandella 60 1 2 2
2 Shea Weber Anton Volchenkov 40 1 2 2
Penalty Kill - 3 Players Forward
Forward Time % Phy DF OF
1 Erik Haula 60 1 2 2
2 Alexander Frolov 40 1 2 2
Penalty Kill - 3 Players Defense
Defense Defense Time % Phy DF OF
1 Shea Weber Tyler Myers 60 1 2 2
2 Marco Scandella Anton Volchenkov 40 1 2 2
4 vs 4 Forward
Center Wing Time % Phy DF OF
1 Derek Stepan Dustin Brown 60 1 2 2
2 Derek Roy Benoit Pouliot 40 1 2 2
4 vs 4 Defense
Defense Defense Time % Phy DF OF
1 Marco Scandella Tyler Myers 60 1 2 2
2 Shea Weber Eric Gelinas 40 1 2 2
Last Minutes Offensive
Center Left Wing Right Wing Defense Defense
Derek Roy Benoit Pouliot Dustin Brown Marco Scandella Shea Weber
Last Minutes Defensive
Center Left Wing Right Wing Defense Defense
Derek Roy Erik Haula Alexander Frolov Shea Weber Tyler Myers
Goaltenders
Starting : Kari Lehtonen
Backup : Jacob Markstrom
Extra Forwards
Normal : Derek Roy, Benoit Pouliot, Dustin Brown - PP : Derek Roy, Benoit Pouliot - PK : Dustin Brown
Extra Defensemen
Normal : Shea Weber, Tyler Myers, Marco Scandella - PP : Shea Weber - PK : Anton Volchenkov, Tyler Myers
Penalty Shots
Derek Roy, Benoit Pouliot, Dustin Brown, Derek Stepan, Erik Haula
Scratches
Eric Fehr (Healthy), Fredrik Sjostrom (Healthy), Kevin Klein (Healthy), Michael Rupp (Healthy)
Bruins
5 vs 5 Forward
Center Left Wing Right Wing Time % Phy DF OF
1 Henrik Sedin Wojtek Wolski Victor Oreskovich 40 0 2 3
2 Marc Savard Alex Tanguay Nathan Horton 30 0 2 3
3 Dave Bolland Viktor Stalberg Rene Bourque 20 1 2 2
4 Mike Fisher Kris Chucko Nikolai Zherdev 10 1 2 2
5 vs 5 Defense
Defense Defense Time % Phy DF OF
1 Jason Demers Shane O'Brien 40 0 2 3
2 Cam Fowler Andrew Alberts 30 1 2 2
3 Dylan DeMelo Nate Prosser 20 1 2 2
4 Jason Demers Andrew Alberts 10 1 2 2
PowerPlay Forward
Center Left Wing Right Wing Time % Phy DF OF
1 Henrik Sedin Wojtek Wolski Nathan Horton 60 0 1 4
2 Marc Savard Viktor Stalberg Victor Oreskovich 40 0 1 4
PowerPlay Defense
Defense Defense Time % Phy DF OF
1 Jason Demers Andrew Alberts 60 0 2 3
2 Cam Fowler Shane O'Brien 40 0 2 3
Penalty Kill 4 Players Forward
Center Wing Time % Phy DF OF
1 Henrik Sedin Wojtek Wolski 60 0 4 1
2 Nathan Horton Dave Bolland 40 0 4 1
Penalty Kill 4 Players Defense
Defense Defense Time % Phy DF OF
1 Jason Demers Shane O'Brien 60 0 5 0
2 Nate Prosser Andrew Alberts 40 0 5 0
Penalty Kill - 3 Players Forward
Forward Time % Phy DF OF
1 Wojtek Wolski 60 0 4 1
2 Nathan Horton 40 0 4 1
Penalty Kill - 3 Players Defense
Defense Defense Time % Phy DF OF
1 Jason Demers Shane O'Brien 60 0 5 0
2 Nate Prosser Andrew Alberts 40 0 5 0
4 vs 4 Forward
Center Wing Time % Phy DF OF
1 Henrik Sedin Wojtek Wolski 60 0 2 3
2 Marc Savard Victor Oreskovich 40 0 2 3
4 vs 4 Defense
Defense Defense Time % Phy DF OF
1 Jason Demers Shane O'Brien 60 1 2 2
2 Nate Prosser Andrew Alberts 40 1 2 2
Last Minutes Offensive
Center Left Wing Right Wing Defense Defense
Henrik Sedin Wojtek Wolski Victor Oreskovich Jason Demers Andrew Alberts
Last Minutes Defensive
Center Left Wing Right Wing Defense Defense
Henrik Sedin Wojtek Wolski Victor Oreskovich Jason Demers Shane O'Brien
Goaltenders
Starting : Kevin Poulin
Backup : Craig Anderson
Extra Forwards
Normal : Viktor Stalberg, Wojtek Wolski, Nathan Horton - PP : Viktor Stalberg, Dave Bolland - PK : Nathan Horton
Extra Defensemen
Normal : Cam Fowler, Jason Demers, Andrew Alberts - PP : Nate Prosser - PK : Nate Prosser, Cam Fowler
Penalty Shots
Wojtek Wolski, Viktor Stalberg, Nathan Horton, Marc Savard, Henrik Sedin
Scratches
Adam Pineault (Suspend), Kevin Bieksa (Groin Injury)
% Time on Ice - Jets
Lines # - Real PCT - Wanted PCT - Time Play
Normal Forward
1 - 36% - 35% - 16:24
2 - 30% - 30% - 13:36
3 - 22% - 23% - 10:08
4 - 12% - 12% - 5:18
Normal Defense
1 - 41% - 40% - 18:50
2 - 32% - 30% - 14:29
3 - 25% - 25% - 11:14
4 - 2% - 5% - 0:53
PP Forward
1 - 63% - 60% - 5:18
2 - 37% - 40% - 3:03
PP Defense
1 - 57% - 60% - 4:46
2 - 43% - 40% - 3:35
PK Forward
1 - 93% - 60% - 4:24
2 - 7% - 40% - 0:19
PK Defense
1 - 51% - 60% - 2:23
2 - 49% - 40% - 2:20
PK3 Forward
1 - 0% - 60%
2 - 0% - 40%
PK3 Defense
1 - 0% - 60%
2 - 0% - 40%
44 Forward
1 - 63% - 60% - 0:57
2 - 37% - 40% - 0:33
44 Defense
1 - 54% - 60% - 0:49
2 - 46% - 40% - 0:41
Last Minute Offensive - 0:00
Last Minute Defensive - 0:00
Total
Forward - 60:00
Defense - 60:00
|
% Time on Ice - Bruins
Lines # - Real PCT - Wanted PCT - Time Play
Normal Forward
1 - 39% - 40% - 17:36
2 - 29% - 30% - 13:08
3 - 18% - 20% - 8:02
4 - 15% - 10% - 6:40
Normal Defense
1 - 38% - 40% - 17:11
2 - 31% - 30% - 14:18
3 - 28% - 20% - 12:36
4 - 3% - 10% - 1:21
PP Forward
1 - 72% - 60% - 3:24
2 - 28% - 40% - 1:19
PP Defense
1 - 85% - 60% - 4:01
2 - 15% - 40% - 0:42
PK Forward
1 - 74% - 60% - 6:09
2 - 26% - 40% - 2:12
PK Defense
1 - 59% - 60% - 4:57
2 - 41% - 40% - 3:24
PK3 Forward
1 - 0% - 60%
2 - 0% - 40%
PK3 Defense
1 - 0% - 60%
2 - 0% - 40%
44 Forward
1 - 60% - 60% - 0:54
2 - 40% - 40% - 0:36
44 Defense
1 - 68% - 60% - 1:01
2 - 32% - 40% - 0:29
Last Minute Offensive - 0:00
Last Minute Defensive - 0:00
Total
Forward - 60:00
Defense - 60:00
|
Play by Play
1st period
0:01 of 1st period - Derek Roy wins face-off versus Henrik Sedin in neutral zone.
1:10 of 1st period - Nikolai Zherdev is hit by Eric Gelinas and loses puck.
2:07 of 1st period - Shea Weber is hit by Dave Bolland and loses puck.
2:51 of 1st period - Slapshot by Henrik Sedin.
2:51 of 1st period - Stopped by Kari Lehtonen with a rebound.
3:17 of 1st period - Slapshot by Alex Tanguay.
3:17 of 1st period - Shot Misses the Net.
3:23 of 1st period - Wrist shot by Nathan Horton.
3:23 of 1st period - Shot Misses the Net.
3:25 of 1st period - Wrist shot by Alex Tanguay.
3:25 of 1st period - Stopped by Kari Lehtonen without a rebound.
3:26 of 1st period - Derek Stepan wins face-off versus Henrik Sedin in Jets zone.
3:33 of 1st period - Tyler Myers is hit by Jason Demers and loses puck.
3:56 of 1st period - Wrist shot by Dustin Brown.
3:56 of 1st period - Stopped by Kevin Poulin with a rebound.
4:20 of 1st period - Slapshot by Erik Haula.
4:20 of 1st period - Stopped by Kevin Poulin with a rebound.
4:35 of 1st period - Shea Weber is hit by Mike Fisher.
4:39 of 1st period - Wrist shot by Marcus Johansson.
4:39 of 1st period - Stopped by Kevin Poulin without a rebound.
4:40 of 1st period - Mike Fisher wins face-off versus Mikko Koivu in Bruins zone.
5:20 of 1st period - Slapshot by Lee Stempniak.
5:20 of 1st period - Stopped by Kevin Poulin with a rebound.
5:40 of 1st period - Snap shot by Nikolai Zherdev.
5:40 of 1st period - Stopped by Kari Lehtonen with a rebound.
5:44 of 1st period - Snap shot by Mike Fisher.
5:44 of 1st period - Stopped by Kari Lehtonen with a rebound.
5:46 of 1st period - Slapshot by Cam Fowler.
5:46 of 1st period - Shot Misses the Net.
5:48 of 1st period - Slapshot by Andrew Alberts.
5:48 of 1st period - Shot Blocked by Marco Scandella.
5:50 of 1st period - Snap shot by Mike Fisher.
5:50 of 1st period - Goal by Mike Fisher - Jets : 0 - Bruins : 1.
5:51 of 1st period - Derek Roy wins face-off versus Henrik Sedin in neutral zone.
5:55 of 1st period - Icing by Shane O'Brien.
5:56 of 1st period - Derek Roy wins face-off versus Henrik Sedin in Bruins zone.
7:04 of 1st period - Dylan DeMelo is hit by Anton Volchenkov and loses puck.
7:11 of 1st period - Marcus Johansson is hit by Nate Prosser and loses puck.
8:00 of 1st period - Shea Weber is hit by Viktor Stalberg and loses puck.
8:07 of 1st period - Slapshot by Dave Bolland.
8:07 of 1st period - Stopped by Kari Lehtonen with a rebound.
8:09 of 1st period - Wrist shot by Cam Fowler.
8:09 of 1st period - Deflect By Rene Bourque.
8:09 of 1st period - Shot Blocked by Joe Colborne.
8:09 of 1st period - Puck is out of play.
8:10 of 1st period - Derek Roy wins face-off versus Henrik Sedin in Jets zone.
8:10 of 1st period - Derek Roy is hit by Victor Oreskovich.
9:43 of 1st period - Shea Weber is hit by Jason Demers and loses puck.
10:23 of 1st period - Wrist shot by Lee Stempniak.
10:23 of 1st period - Shot Blocked by Shane O'Brien.
10:46 of 1st period - Marco Scandella is hit by Victor Oreskovich.
10:53 of 1st period - Off-side.
10:54 of 1st period - Nathan Horton wins face-off versus Derek Roy in neutral zone.
11:03 of 1st period - Wrist shot by Benoit Pouliot.
11:03 of 1st period - Stopped by Kevin Poulin with a rebound.
11:05 of 1st period - Slapshot by Anton Volchenkov.
11:05 of 1st period - Deflect By Derek Roy.
11:05 of 1st period - Stopped by Kevin Poulin with a rebound.
11:07 of 1st period - Wrist shot by Dustin Brown.
11:07 of 1st period - Stopped by Kevin Poulin without a rebound.
11:08 of 1st period - Devin Setoguchi wins face-off versus Victor Oreskovich in Bruins zone.
11:18 of 1st period - Minor Penalty to Victor Oreskovich for Interference.
11:19 of 1st period - Henrik Sedin wins face-off versus Derek Roy in Bruins zone.
11:47 of 1st period - Minor Penalty to Alexander Frolov for Tripping.
11:48 of 1st period - Derek Stepan wins face-off versus Henrik Sedin in Jets zone.
11:59 of 1st period - Wrist shot by Dustin Brown.
11:59 of 1st period - Stopped by Kevin Poulin with a rebound.
12:36 of 1st period - Snap shot by Marc Savard.
12:36 of 1st period - Stopped by Kari Lehtonen without a rebound.
12:37 of 1st period - Henrik Sedin wins face-off versus Derek Stepan in Jets zone.
13:04 of 1st period - Viktor Stalberg is hit by Derek Roy and loses puck.
13:13 of 1st period - Shea Weber is hit by Shane O'Brien and loses puck.
13:18 of 1st period - Penalty to Victor Oreskovich is over, Victor Oreskovich is back on ice.
13:47 of 1st period - Penalty to Alexander Frolov is over, Alexander Frolov is back on ice.
14:04 of 1st period - Wrist shot by Marcus Johansson.
14:04 of 1st period - Stopped by Kevin Poulin without a rebound.
14:05 of 1st period - Derek Stepan wins face-off versus Nikolai Zherdev in Bruins zone.
14:47 of 1st period - Slapshot by Nathan Horton.
14:47 of 1st period - Stopped by Kari Lehtonen with a rebound.
14:49 of 1st period - Slapshot by Nathan Horton.
14:49 of 1st period - Shot Misses the Net.
14:51 of 1st period - Slapshot by Cam Fowler.
14:51 of 1st period - Deflect By Marc Savard.
14:51 of 1st period - Shot Misses the Net.
14:51 of 1st period - Puck is out of play.
14:52 of 1st period - Marc Savard wins face-off versus Mikko Koivu in Jets zone.
16:23 of 1st period - Wojtek Wolski is hit by Marcus Johansson and loses puck.
16:50 of 1st period - Snap shot by Marc Savard.
16:50 of 1st period - Stopped by Kari Lehtonen with a rebound.
17:10 of 1st period - Derek Stepan is hit by Rene Bourque and loses puck.
17:15 of 1st period - Snap shot by Dave Bolland.
17:15 of 1st period - Stopped by Kari Lehtonen without a rebound.
17:16 of 1st period - Derek Roy wins face-off versus Henrik Sedin in Jets zone.
17:55 of 1st period - Wrist shot by Wojtek Wolski.
17:55 of 1st period - Stopped by Kari Lehtonen without a rebound.
17:56 of 1st period - Derek Roy wins face-off versus Marc Savard in Jets zone.
17:56 of 1st period - Derek Roy is hit by Marc Savard.
18:04 of 1st period - Snap shot by Marc Savard.
18:04 of 1st period - Stopped by Kari Lehtonen without a rebound.
18:05 of 1st period - Derek Roy wins face-off versus Marc Savard in Jets zone.
18:05 of 1st period - Derek Roy is hit by Marc Savard.
18:41 of 1st period - Wrist shot by Nathan Horton.
18:41 of 1st period - Deflect By Alex Tanguay.
18:41 of 1st period - Shot Misses the Net.
18:41 of 1st period - Puck is out of play.
18:42 of 1st period - Henrik Sedin wins face-off versus Derek Stepan in Jets zone.
18:45 of 1st period - Snap shot by Henrik Sedin.
18:45 of 1st period - Shot Misses the Net.
18:47 of 1st period - Slapshot by Jason Demers.
18:47 of 1st period - Shot Blocked by Alexander Frolov.
18:49 of 1st period - Snap shot by Wojtek Wolski.
18:49 of 1st period - Goal by Wojtek Wolski - Jets : 0 - Bruins : 2.
18:50 of 1st period - Derek Stepan wins face-off versus Henrik Sedin in neutral zone.
18:52 of 1st period - Minor Penalty to Derek Stepan for Hooking.
18:53 of 1st period - Henrik Sedin wins face-off versus Erik Haula in Jets zone.
19:00 of 1st period - Slapshot by Henrik Sedin.
19:00 of 1st period - Shot Blocked by Marco Scandella.
19:02 of 1st period - Snap shot by Henrik Sedin.
19:02 of 1st period - Shot Misses the Net.
19:06 of 1st period - Snap shot by Wojtek Wolski.
19:06 of 1st period - Shot Misses the Net.
19:08 of 1st period - Backhand shot by Henrik Sedin.
19:08 of 1st period - Goal by Henrik Sedin - Jets : 0 - Bruins : 3.
19:09 of 1st period - Henrik Sedin wins face-off versus Derek Stepan in neutral zone.
Goals for this period are 0 for Jets vs 3 for Bruins.
Shots for this period are 9 for Jets vs 14 for Bruins.
2nd period
0:01 of 2nd period - Derek Stepan wins face-off versus Henrik Sedin in neutral zone.
0:06 of 2nd period - Snap shot by Alexander Frolov.
0:06 of 2nd period - Shot Blocked by Jason Demers.
0:08 of 2nd period - Slapshot by Tyler Myers.
0:08 of 2nd period - Stopped by Kevin Poulin without a rebound.
0:09 of 2nd period - Henrik Sedin wins face-off versus Derek Stepan in Bruins zone.
0:22 of 2nd period - Wrist shot by Henrik Sedin.
0:22 of 2nd period - Shot Blocked by Marco Scandella.
0:29 of 2nd period - Wrist shot by Derek Stepan.
0:29 of 2nd period - Shot Misses the Net.
0:31 of 2nd period - Wrist shot by Alexander Frolov.
0:31 of 2nd period - Stopped by Kevin Poulin without a rebound.
0:32 of 2nd period - Benoit Pouliot wins face-off versus Marc Savard in Bruins zone.
0:59 of 2nd period - Cam Fowler is hit by Marcus Johansson and loses puck.
1:04 of 2nd period - Snap shot by Lee Stempniak.
1:04 of 2nd period - Shot Misses the Net.
1:06 of 2nd period - Snap shot by Lee Stempniak.
1:06 of 2nd period - Shot Misses the Net.
1:08 of 2nd period - Snap shot by Tyler Myers.
1:08 of 2nd period - Stopped by Kevin Poulin without a rebound.
1:09 of 2nd period - Derek Stepan wins face-off versus Henrik Sedin in Bruins zone.
1:14 of 2nd period - Snap shot by Devin Setoguchi.
1:14 of 2nd period - Stopped by Kevin Poulin with a rebound.
1:50 of 2nd period - Minor Penalty to Rene Bourque for Slashing.
1:51 of 2nd period - Henrik Sedin wins face-off versus Derek Roy in Bruins zone.
1:51 of 2nd period - Henrik Sedin is hit by Derek Roy.
2:00 of 2nd period - Slapshot by Wojtek Wolski.
2:00 of 2nd period - Stopped by Kari Lehtonen with a rebound.
3:50 of 2nd period - Penalty to Rene Bourque is over, Rene Bourque is back on ice.
4:08 of 2nd period - Andrew Alberts is hit by Lee Stempniak and loses puck.
4:27 of 2nd period - Snap shot by Mikko Koivu.
4:27 of 2nd period - Shot Blocked by Nate Prosser.
4:29 of 2nd period - Slapshot by Marco Scandella.
4:29 of 2nd period - Stopped by Kevin Poulin with a rebound.
4:31 of 2nd period - Slapshot by Tyler Myers.
4:31 of 2nd period - Deflect By Lee Stempniak.
4:31 of 2nd period - Goal by Lee Stempniak - Jets : 1 - Bruins : 3.
4:32 of 2nd period - Henrik Sedin wins face-off versus Derek Roy in neutral zone.
4:58 of 2nd period - Alexander Frolov is hit by Nathan Horton and loses puck.
5:27 of 2nd period - Nate Prosser is hit by Anton Volchenkov and loses puck.
5:38 of 2nd period - Snap shot by Mike Fisher.
5:38 of 2nd period - Shot Misses the Net.
5:40 of 2nd period - Wrist shot by Mike Fisher.
5:40 of 2nd period - Shot Blocked by Tyler Myers.
6:11 of 2nd period - Snap shot by Dustin Brown.
6:11 of 2nd period - Deflect By Benoit Pouliot.
6:11 of 2nd period - Stopped by Kevin Poulin without a rebound.
6:12 of 2nd period - Henrik Sedin wins face-off versus Derek Stepan in Bruins zone.
6:42 of 2nd period - Wrist shot by Benoit Pouliot.
6:42 of 2nd period - Stopped by Kevin Poulin with a rebound.
6:44 of 2nd period - Snap shot by Dustin Brown.
6:44 of 2nd period - Deflect By Benoit Pouliot.
6:44 of 2nd period - Shot Blocked by Shane O'Brien.
6:44 of 2nd period - Puck is out of play.
6:45 of 2nd period - Marc Savard wins face-off versus Derek Stepan in Bruins zone.
7:14 of 2nd period - Snap shot by Benoit Pouliot.
7:14 of 2nd period - Shot Misses the Net.
7:16 of 2nd period - Slapshot by Benoit Pouliot.
7:16 of 2nd period - Stopped by Kevin Poulin without a rebound.
7:17 of 2nd period - Derek Roy wins face-off versus Henrik Sedin in Bruins zone.
7:18 of 2nd period - Wrist shot by Benoit Pouliot.
7:18 of 2nd period - Shot Misses the Net.
7:33 of 2nd period - Icing by Victor Oreskovich.
7:34 of 2nd period - Henrik Sedin wins face-off versus Derek Stepan in Bruins zone.
7:59 of 2nd period - Snap shot by Wojtek Wolski.
7:59 of 2nd period - Deflect By Henrik Sedin.
7:59 of 2nd period - Stopped by Kari Lehtonen without a rebound.
8:00 of 2nd period - Derek Roy wins face-off versus Marc Savard in Jets zone.
8:49 of 2nd period - Slapshot by Andrew Alberts.
8:49 of 2nd period - Stopped by Kari Lehtonen with a rebound.
8:51 of 2nd period - Snap shot by Victor Oreskovich.
8:51 of 2nd period - Shot Blocked by Alexander Frolov.
8:53 of 2nd period - Slapshot by Henrik Sedin.
8:53 of 2nd period - Shot Misses the Net.
8:55 of 2nd period - Wrist shot by Victor Oreskovich.
8:55 of 2nd period - Shot Misses the Net.
8:57 of 2nd period - Snap shot by Andrew Alberts.
8:57 of 2nd period - Stopped by Kari Lehtonen with a rebound.
8:59 of 2nd period - Slapshot by Cam Fowler.
8:59 of 2nd period - Stopped by Kari Lehtonen without a rebound.
9:00 of 2nd period - Marc Savard wins face-off versus Derek Roy in Jets zone.
9:07 of 2nd period - Wrist shot by Alex Tanguay.
9:07 of 2nd period - Goal by Alex Tanguay - Jets : 1 - Bruins : 4.
9:08 of 2nd period - Henrik Sedin wins face-off versus Derek Roy in neutral zone.
9:23 of 2nd period - Jason Demers is hit by Dustin Brown and loses puck.
9:35 of 2nd period - Wojtek Wolski is hit by Benoit Pouliot and loses puck.
10:00 of 2nd period - Icing by Henrik Sedin.
10:01 of 2nd period - Victor Oreskovich wins face-off versus Derek Stepan in Bruins zone.
11:08 of 2nd period - Slapshot by Viktor Stalberg.
11:08 of 2nd period - Shot Misses the Net.
11:10 of 2nd period - Snap shot by Rene Bourque.
11:10 of 2nd period - Stopped by Kari Lehtonen without a rebound.
11:11 of 2nd period - Dave Bolland wins face-off versus Derek Stepan in Jets zone.
11:22 of 2nd period - Slapshot by Rene Bourque.
11:22 of 2nd period - Shot Misses the Net.
11:24 of 2nd period - Slapshot by Dave Bolland.
11:24 of 2nd period - Stopped by Kari Lehtonen with a rebound.
11:26 of 2nd period - Slapshot by Andrew Alberts.
11:26 of 2nd period - Stopped by Kari Lehtonen without a rebound.
11:27 of 2nd period - Marc Savard wins face-off versus Derek Roy in Jets zone.
11:31 of 2nd period - Icing by Dustin Brown.
11:32 of 2nd period - Marc Savard wins face-off versus Derek Roy in Jets zone.
11:42 of 2nd period - Off-side.
11:43 of 2nd period - Henrik Sedin wins face-off versus Derek Roy in neutral zone.
11:54 of 2nd period - Wrist shot by Victor Oreskovich.
11:54 of 2nd period - Stopped by Kari Lehtonen with a rebound.
11:56 of 2nd period - Slapshot by Andrew Alberts.
11:56 of 2nd period - Stopped by Kari Lehtonen with a rebound.
12:43 of 2nd period - Wrist shot by Dave Bolland.
12:43 of 2nd period - Shot Blocked by Eric Gelinas.
12:45 of 2nd period - Slapshot by Rene Bourque.
12:45 of 2nd period - Deflect By Viktor Stalberg.
12:45 of 2nd period - Shot Blocked by Shea Weber.
12:45 of 2nd period - Puck is out of play.
12:46 of 2nd period - Henrik Sedin wins face-off versus Derek Roy in Jets zone.
12:47 of 2nd period - Snap shot by Wojtek Wolski.
12:47 of 2nd period - Stopped by Kari Lehtonen with a rebound.
13:03 of 2nd period - Snap shot by Dustin Brown.
13:03 of 2nd period - Shot Misses the Net.
13:18 of 2nd period - Victor Oreskovich is hit by Lee Stempniak and loses puck.
13:23 of 2nd period - Snap shot by Mikko Koivu.
13:23 of 2nd period - Stopped by Kevin Poulin without a rebound.
13:24 of 2nd period - Derek Stepan wins face-off versus Marc Savard in Bruins zone.
13:29 of 2nd period - Slapshot by Devin Setoguchi.
13:29 of 2nd period - Shot Misses the Net.
13:53 of 2nd period - Shea Weber is hit by Viktor Stalberg and loses puck.
13:58 of 2nd period - Wrist shot by Dave Bolland.
13:58 of 2nd period - Deflect By Rene Bourque.
13:58 of 2nd period - Shot Misses the Net.
13:58 of 2nd period - Puck is out of play.
13:59 of 2nd period - Henrik Sedin wins face-off versus Derek Stepan in Jets zone.
14:00 of 2nd period - Wrist shot by Victor Oreskovich.
14:00 of 2nd period - Stopped by Kari Lehtonen without a rebound.
14:01 of 2nd period - Henrik Sedin wins face-off versus Derek Stepan in Jets zone.
14:02 of 2nd period - Snap shot by Wojtek Wolski.
14:02 of 2nd period - Stopped by Kari Lehtonen without a rebound.
14:03 of 2nd period - Derek Stepan wins face-off versus Henrik Sedin in Jets zone.
14:32 of 2nd period - Wrist shot by Alex Tanguay.
14:32 of 2nd period - Stopped by Kari Lehtonen with a rebound.
14:53 of 2nd period - Off-side.
14:54 of 2nd period - Dave Bolland wins face-off versus Mikko Koivu in neutral zone.
14:59 of 2nd period - Snap shot by Dave Bolland.
14:59 of 2nd period - Stopped by Kari Lehtonen with a rebound.
15:01 of 2nd period - Slapshot by Jason Demers.
15:01 of 2nd period - Stopped by Kari Lehtonen without a rebound.
15:02 of 2nd period - Henrik Sedin wins face-off versus Derek Roy in Jets zone.
15:09 of 2nd period - Wrist shot by Wojtek Wolski.
15:09 of 2nd period - Stopped by Kari Lehtonen with a rebound.
15:44 of 2nd period - Off-side.
15:45 of 2nd period - Mikko Koivu wins face-off versus Dave Bolland in neutral zone.
15:47 of 2nd period - Off-side.
15:48 of 2nd period - Mikko Koivu wins face-off versus Rene Bourque in neutral zone.
16:32 of 2nd period - Minor Penalty to Dustin Brown for Holding.
16:33 of 2nd period - Henrik Sedin wins face-off versus Erik Haula in Jets zone.
16:42 of 2nd period - Backhand shot by Wojtek Wolski.
16:42 of 2nd period - Deflect By Nathan Horton.
16:42 of 2nd period - Stopped by Kari Lehtonen without a rebound.
16:43 of 2nd period - Henrik Sedin wins face-off versus Erik Haula in Jets zone.
17:34 of 2nd period - Snap shot by Henrik Sedin.
17:34 of 2nd period - Shot Misses the Net.
18:32 of 2nd period - Penalty to Dustin Brown is over, Dustin Brown is back on ice.
18:43 of 2nd period - Wrist shot by Nathan Horton.
18:43 of 2nd period - Stopped by Kari Lehtonen without a rebound.
18:44 of 2nd period - Derek Roy wins face-off versus Dave Bolland in Jets zone.
18:59 of 2nd period - Snap shot by Dustin Brown.
18:59 of 2nd period - Stopped by Kevin Poulin with a rebound.
19:32 of 2nd period - Rene Bourque is hit by Benoit Pouliot and loses puck.
Goals for this period are 1 for Jets vs 1 for Bruins.
Shots for this period are 11 for Jets vs 20 for Bruins.
3rd period
0:01 of 3rd period - Henrik Sedin wins face-off versus Derek Stepan in neutral zone.
0:04 of 3rd period - Snap shot by Henrik Sedin.
0:04 of 3rd period - Stopped by Kari Lehtonen without a rebound.
0:05 of 3rd period - Henrik Sedin wins face-off versus Derek Stepan in Jets zone.
0:18 of 3rd period - Slapshot by Henrik Sedin.
0:18 of 3rd period - Shot Misses the Net.
0:32 of 3rd period - Snap shot by Derek Roy.
0:32 of 3rd period - Goal by Derek Roy - Jets : 2 - Bruins : 4.
0:33 of 3rd period - Henrik Sedin wins face-off versus Derek Stepan in neutral zone.
0:33 of 3rd period - Henrik Sedin is hit by Derek Stepan.
0:36 of 3rd period - Off-side.
0:37 of 3rd period - Derek Stepan wins face-off versus Henrik Sedin in neutral zone.
0:46 of 3rd period - Wrist shot by Derek Stepan.
0:46 of 3rd period - Shot Misses the Net.
0:48 of 3rd period - Slapshot by Eric Gelinas.
0:48 of 3rd period - Stopped by Kevin Poulin without a rebound.
0:49 of 3rd period - Derek Stepan wins face-off versus Henrik Sedin in Bruins zone.
0:56 of 3rd period - Devin Setoguchi is hit by Henrik Sedin and loses puck.
1:44 of 3rd period - Wrist shot by Viktor Stalberg.
1:44 of 3rd period - Stopped by Kari Lehtonen with a rebound.
2:37 of 3rd period - Shea Weber is hit by Marc Savard.
2:47 of 3rd period - Anton Volchenkov is hit by Alex Tanguay and loses puck.
2:58 of 3rd period - Snap shot by Joe Colborne.
2:58 of 3rd period - Stopped by Kevin Poulin with a rebound.
3:27 of 3rd period - Minor Penalty to Mike Fisher for Tripping.
3:28 of 3rd period - Henrik Sedin wins face-off versus Benoit Pouliot in Bruins zone.
3:52 of 3rd period - Tyler Myers is hit by Henrik Sedin and loses puck.
5:18 of 3rd period - Wrist shot by Benoit Pouliot.
5:18 of 3rd period - Shot Blocked by Alex Tanguay.
5:20 of 3rd period - Slapshot by Marco Scandella.
5:20 of 3rd period - Shot Misses the Net.
5:22 of 3rd period - Slapshot by Tyler Myers.
5:22 of 3rd period - Deflect By Derek Roy.
5:22 of 3rd period - Goal by Derek Roy - Jets : 3 - Bruins : 4.
5:23 of 3rd period - Derek Stepan wins face-off versus Marc Savard in neutral zone.
5:30 of 3rd period - Snap shot by Alexander Frolov.
5:30 of 3rd period - Shot Misses the Net.
5:32 of 3rd period - Minor Penalty to Nathan Horton for High sticking.
5:33 of 3rd period - Derek Stepan wins face-off versus Henrik Sedin in Bruins zone.
7:32 of 3rd period - Penalty to Nathan Horton is over, Nathan Horton is back on ice.
7:42 of 3rd period - Wrist shot by Nikolai Zherdev.
7:42 of 3rd period - Shot Blocked by Joe Colborne.
9:12 of 3rd period - Derek Stepan is hit by Alex Tanguay and loses puck.
9:18 of 3rd period - Minor Penalty to Marc Savard for Hooking.
9:19 of 3rd period - Wojtek Wolski wins face-off versus Derek Roy in Bruins zone.
9:19 of 3rd period - Wojtek Wolski is hit by Shea Weber.
10:14 of 3rd period - Marco Scandella is hit by Dave Bolland and loses puck.
11:18 of 3rd period - Penalty to Marc Savard is over, Marc Savard is back on ice.
11:37 of 3rd period - Shane O'Brien is hit by Mikko Koivu and loses puck.
11:46 of 3rd period - Wrist shot by Dave Bolland.
11:46 of 3rd period - Goal by Dave Bolland - Jets : 3 - Bruins : 5.
11:47 of 3rd period - Nathan Horton wins face-off versus Derek Roy in neutral zone.
12:23 of 3rd period - Victor Oreskovich is hit by Derek Stepan.
12:33 of 3rd period - Marco Scandella is hit by Mike Fisher and loses puck.
13:04 of 3rd period - Wrist shot by Nathan Horton.
13:04 of 3rd period - Stopped by Kari Lehtonen with a rebound.
13:06 of 3rd period - Wrist shot by Alex Tanguay.
13:06 of 3rd period - Deflect By Marc Savard.
13:06 of 3rd period - Stopped by Kari Lehtonen without a rebound.
13:07 of 3rd period - Derek Roy wins face-off versus Henrik Sedin in Jets zone.
13:59 of 3rd period - Snap shot by Derek Roy.
13:59 of 3rd period - Shot Blocked by Dylan DeMelo.
14:39 of 3rd period - Snap shot by Henrik Sedin.
14:39 of 3rd period - Shot Misses the Net.
14:53 of 3rd period - Backhand shot by Henrik Sedin.
14:53 of 3rd period - Shot Misses the Net.
14:55 of 3rd period - Slapshot by Nate Prosser.
14:55 of 3rd period - Stopped by Kari Lehtonen with a rebound.
14:57 of 3rd period - Slapshot by Henrik Sedin.
14:57 of 3rd period - Stopped by Kari Lehtonen without a rebound.
14:58 of 3rd period - Derek Stepan wins face-off versus Marc Savard in Jets zone.
15:21 of 3rd period - Minor Penalty to Tyler Myers for Roughing.
15:22 of 3rd period - Erik Haula wins face-off versus Marc Savard in Jets zone.
15:27 of 3rd period - Jason Demers is hit by Marco Scandella and loses puck.
16:12 of 3rd period - Shea Weber is hit by Nathan Horton and loses puck.
17:21 of 3rd period - Penalty to Tyler Myers is over, Tyler Myers is back on ice.
17:25 of 3rd period - Slapshot by Tomas Kundratek.
17:25 of 3rd period - Stopped by Kevin Poulin with a rebound.
19:09 of 3rd period - Dave Bolland is hit by Lee Stempniak and loses puck.
19:55 of 3rd period - Icing by Devin Setoguchi.
19:56 of 3rd period - Derek Stepan wins face-off versus Marc Savard in Jets zone.
Goals for this period are 2 for Jets vs 1 for Bruins.
Shots for this period are 5 for Jets vs 7 for Bruins.
Back to the Top